 Dungeon Crawl Stone Soup version bcrawl-1.28.1b (webtiles) character file.

Game seed: 8540254528197466537

468898 Morbidden the Thaumaturge (level 11, -5/64 HPs)
             Began as a Skeleton Conjurer on Dec 16, 2020.
             Was a High Priest of Vehumet.
             Slain by a white ugly thing (12 damage)
             ... on level 9 of the Dungeon.
             The game lasted 00:21:33 (8776 turns).

Morbidden the Thaumaturge (Skeleton Conjurer)       Turns: 8776, Time: 00:21:34

Health: -5/64      AC: 12    Str: 14      XL:     11   Next: 70%
Magic:  0/29       EV: 14    Int: 17 (18) God:    Vehumet [*****.]
Gold:   964        SH:  0    Dex:  9      Spells: 11/39 levels left

rFire    . . .     SeeInvis .   r - staff of air
rCold    + . .     Gourm    .   (no shield)
rNeg     + + +     Faith    .   x - +0 troll leather armour
rPois    ∞         Spirit   +   j - +0 helmet
rElec    +         Reflect  .   (no cloak)
rCorr    .         Harm     .   v - +0 pair of gloves
MR       +....                  (no boots)
Stlth    ++........             f - amulet of magic regeneration
HPRegen  0.60/turn              s - +6 ring of protection
MPRegen  0.46/turn              (no ring)

@: about to teleport, very slightly contaminated
A: no food or potions, cold resistance 1, deterioration 1, negative energy
resistance 3, powered by death 1, torment resistance, unbreathing, magic shield,
sturdy frame 2, spell healing
a: Renounce Religion


You were on level 9 of the Dungeon.
You worshipped Vehumet.
Vehumet was extremely pleased with you.
You were not hungry.

You visited 2 branches of the dungeon, and saw 11 of its levels.

You collected 964 gold pieces.

Inventory:

Hand Weapons
 c - a +2 dagger of venom
Missiles
 p - a throwing net {=f}
 w - 115 poisoned tomahawks (quivered)
Armour
 j - a +0 helmet (worn)
 v - a +0 pair of gloves (worn)
 x - a +0 troll leather armour (worn)
Magical Staves
 r - an uncursed staff of air (weapon)
Jewellery
 f - an amulet of magic regeneration (around neck)
 s - a +6 ring of protection (left hand)
 t - the ring "Birgh" {+Fly rN+}
   (You took it off an orc priest on level 7 of the Dungeon)

   [ring of flight]

   It protects you from negative energy.
   It lets you fly.
Wands
 m - a wand of paralysis (10)
 o - a wand of acid (6)
 y - a wand of flame (28)
 z - a wand of scattershot (5)
Scrolls
 a - a scroll of summoning {unknown}
 b - 6 scrolls of identify
 d - 5 scrolls of remove curse
 e - 4 scrolls of enchant armour
 g - 2 scrolls of magic mapping {unknown}
 h - 4 scrolls of teleportation
 i - 3 scrolls of fear {unknown}
 k - a scroll of blinking {unknown}
 l - 2 scrolls of amnesia {unknown}
 n - a scroll of enchant weapon {unknown}
 q - 2 scrolls of immolation {unknown}
 u - a scroll of noise {unknown}


   Skills:
 * Level 5.8 Fighting
 + Level 1.0 Short Blades
 + Level 0.6 Staves
 + Level 2.9 Armour
 * Level 6.4 Dodging
 + Level 3.6 Stealth
 * Level 14.5 Spellcasting
 * Level 13.2 Conjurations
 + Level 0.4 Fire Magic
 * Level 1.3 Ice Magic
 + Level 0.1 Air Magic
 * Level 4.1 Evocations


You had 11 spell levels left.
You knew the following spells:

 Your Spells              Type           Power        Failure   Level  Hunger
a - Iskenderun's Mystic   Conj           ######..     1%          3    N/A
b - Searing Ray           Conj           ######..     1%          2    N/A
c - Shock                 Conj/Air       #####        1%          1    N/A
d - Magic Dart            Conj           ####         0%          1    N/A
e - Irradiate             Conj/Tmut      ####......   2%          5    N/A
f - Sticky Flame          Conj/Fire      #####...     1%          4    N/A
g - Ozocubu's Refrigerat  Ice            ###.......   73%         6    N/A
h - Bolt of Cold          Conj/Ice       #####.....   11%         6    N/A

Your spell library contained the following spells:

 Spells                   Type           Power        Failure   Level  Hunger
 Iskenderun's Battlesphe  Conj/Chrm      ####....     2%          5    N/A
 Fulminant Prism          Conj/Hex       ####......   1%          4    N/A
 Lightning Bolt           Conj/Air       ######....   2%          5    N/A
 Apportation              Tloc           ##....       5%          1    N/A
 Summon Butterflies       Summ           ##......     5%          1    N/A
 Swiftness                Chrm/Air       ###.....     8%          2    N/A
 Airstrike                Air            ###.......   13%         4    N/A
 Beckoning                Tloc           ##........   16%         3    N/A
 Static Discharge         Air            ###.....     16%         3    N/A
 Tukima's Dance           Hex            ##......     16%         3    N/A
 Metabolic Englaciation   Hex/Ice        ##........   75%         5    N/A
 Freezing Cloud           Ice/Air        ###.......   80%         6    N/A
 Simulacrum               Ice/Necr       ##........   99%         6    N/A
 Invisibility             Hex            ##......     100%        6    N/A

Dungeon Overview and Level Annotations

Branches:
Dungeon (10/12)            Temple (0/1) D:6            Lair (1/6) D:7
    Orc (0/1) D:8

Altars:
Ashenzari
Cheibriados
Dithmenos
Fedhas
Gozag
Hepliaklqana
Kikubaaqudgha
Okawaru
Qazlal
Ru
Sif Muna
Trog
Uskayaw
Vehumet
Xom
Yredelemnul
Zin

Annotations:
D:5 1 runed door


Innate Abilities, Weirdness & Mutations

You do not eat or drink.
You are immune to poison.
Your flesh is cold resistant. (rC+)
Your body sometimes deteriorates upon taking damage.
You are immune to negative energy. (rN+++)
You regenerate a little health from kills.
You are immune to unholy pain and torment.
You can survive without breathing.
When hurt, damage is shared between your health and your magic reserves.
Your movements are less encumbered by armour. (ER -4)
Casting spells heals you.


Message History

Aiming: Sticky Flame (safe; 1% risk of failure)
Press: ? - help, Shift-Dir - straight line, f - white ugly thing
Aim: a white ugly thing (moderately wounded)
The sticky flame hits the white ugly thing but does no damage.
The white ugly thing is moderately wounded.
The white ugly thing is covered in liquid flames!
The white ugly thing burns!
The white ugly thing headbutts you! The white ugly thing freezes you!
You resist.
No path to travel!
No path to travel!
The white ugly thing burns!
The white ugly thing headbutts you. The white ugly thing freezes you!
You resist.
* * * LOW HITPOINT WARNING * * *
Unknown command.
As you read the scroll labeled SIORCH LUUXO LAPH, it crumbles to dust.
You feel strangely unstable.
It was a scroll of teleportation.
The white ugly thing headbutts you!
* * * LOW HITPOINT WARNING * * *
The white ugly thing freezes you! You resist.
You die...

####.#..#....#
#_...............#
#.#..######
####........######
####......# #≈≈≈≈≈≈≈≈#
........#.#
###########
######....# #...# ...#
#..### ###...#
.#.###[.# #....>#
.#.#....# #u#.#.#
.#.#.##.########@#...#
.#.#.#...........#####
##.#....##########
#†###.## #†# #.# #†#
#.# #.###.# #.....#
#######


You could see a white ugly thing.

Vanquished Creatures
  A rakshasa (D:9)
  A deep elf archer (D:9)
  2 cyclopes
  A centaur zombie (D:8)
  2 trolls (D:8)
  Grinder (D:5)
  A hornet (D:8)
  Sigmund (D:3)
  2 basilisks (D:7)
  23 yaks
  Eustachio (D:5)
  3 hungry ghosts
  Menkaure (D:5)
  A soldier ant (D:7)
  2 crocodiles
  2 water moccasins
  4 porcupines (D:7)
  2 black bears
  2 orc warriors (D:8)
  A hornet zombie (D:9)
  3 sky beasts
  2 ice beasts
  5 phantoms
  An ogre (D:7)
  5 centaurs
  Blork the orc (D:5)
  5 bullfrogs
  A wyvern zombie (D:8)
  3 scorpions
  5 wights (D:8)
  4 howler monkeys
  3 crimson imps
  5 hounds
  2 jellies (D:9)
  8 orc priests
  A centaur skeleton (D:8)
  4 iguanas
  3 bullfrog skeletons
  12 worker ants
  14 orc wizards
  A killer bee zombie (D:6)
  A hound skeleton (D:7)
  Robin (D:2)
  4 gnolls (D:7)
  2 howler monkey skeletons
  3 adders
  4 shadow imps
  An ooze (D:2)
  2 adder skeletons (D:7)
  2 worms
  4 dart slugs
  6 leopard geckos
  43 orcs
  2 bats (D:1)
  4 giant cockroaches
  7 hobgoblins
  4 jackals
  10 kobolds
  5 quokkas
  A ball python (D:2)
  3 frilled lizards
  9 goblins
  A jackal zombie (D:4)
  A quokka skeleton (D:4)
  A rat (D:2)
  A rat zombie (D:9)
  A plant (D:7)
265 creatures vanquished.

Vanquished Creatures (others)
  An orc (D:3)
  2 bushes (D:7)
  2 fungi (D:7)
  9 plants (D:7)
14 creatures vanquished.

Grand Total: 279 creatures vanquished

Notes
Turn   | Place    | Note
-------+----------+-------------------------------------------
     0 | D:1      | Morbidden the Skeleton Conjurer began the quest for the
                  | Orb.
     0 | D:1      | Reached XP level 1. HP: 10/10 MP: 4/4
   127 | D:1      | Reached skill level 5 in Conjurations
   494 | D:1      | Reached XP level 2. HP: 15/15 MP: 1/6
   497 | D:1      | Learned a level 2 spell: Searing Ray
  1100 | D:2      | Reached XP level 3. HP: 20/20 MP: 1/7
  1113 | D:2      | Learned a level 3 spell: Iskenderun's Mystic Blast
  1123 | D:2      | Found an iron altar of Okawaru.
  1414 | D:2      | Noticed Robin
  1426 | D:2      | Killed Robin
  1624 | D:2      | Reached XP level 4. HP: 24/24 MP: 6/9
  1843 | D:3      | Found a radiant altar of Vehumet.
  1942 | D:3      | Became a worshipper of Vehumet
  1989 | D:3      | Noticed Sigmund
  1996 | D:3      | Killed Sigmund
  1997 | D:3      | Reached skill level 1 in Fighting
  1997 | D:3      | Reached skill level 4 in Spellcasting
  1997 | D:3      | Reached XP level 5. HP: 29/29 MP: 0/12
  2169 | D:3      | Noticed a black bear
  2175 | D:3      | Killed a black bear
  2176 | D:3      | Reached skill level 5 in Spellcasting
  2176 | D:3      | Gained mutation: You regenerate a little health from kills.
                  | [Skeleton growth]
  2176 | D:3      | Reached XP level 6. HP: 34/34 MP: 9/14
  2285 | D:3      | Found a sacrificial altar of Ru.
  2285 | D:3      | Found a blossoming altar of Fedhas.
  2286 | D:3      | Found a bloodstained altar of Trog.
  2575 | D:4      | Found a basalt altar of Yredelemnul.
  2724 | D:4      | Reached skill level 6 in Spellcasting
  2728 | D:4      | Reached XP level 7. HP: 38/38 MP: 9/16
  2929 | D:4      | Found an opulent altar of Gozag.
  3205 | D:4      | Reached skill level 7 in Spellcasting
  3597 | D:5      | Entered Level 5 of the Dungeon
  3698 | D:5      | Found a shadowy altar of Dithmenos.
  3771 | D:5      | Noticed Grinder
  3775 | D:5      | Killed Grinder
  3776 | D:5      | Reached XP level 8. HP: 45/45 MP: 6/19
  3850 | D:5      | Noticed Blork the orc
  3862 | D:5      | Killed Blork the orc
  3867 | D:5      | Reached * piety under Vehumet
  3867 | D:5      | Offered knowledge of Shock by Vehumet.
  3868 | D:5      | Reached skill level 1 in Armour
  3868 | D:5      | Reached skill level 8 in Spellcasting
  3978 | D:5      | Learned a level 1 spell: Shock
  4046 | D:5      | Found a runed door.
  4175 | D:5      | Noticed Eustachio
  4180 | D:5      | Killed Eustachio
  4181 | D:5      | Reached skill level 1 in Short Blades
  4203 | D:5      | Noticed Menkaure
  4210 | D:5      | Killed Menkaure
  4416 | D:6      | Found a snail-covered altar of Cheibriados.
  4424 | D:6      | Reached skill level 9 in Spellcasting
  4521 | D:6      | Found a staircase to the Ecumenical Temple.
  4780 | D:6      | Reached XP level 9. HP: 51/51 MP: 10/22
  4861 | D:6      | Reached skill level 10 in Conjurations
  5189 | D:7      | Reached skill level 10 in Spellcasting
  5197 | D:7      | Offered knowledge of Throw Frost by Vehumet.
  5202 | D:7      | Reached ** piety under Vehumet
  5328 | D:7      | Reached skill level 1 in Evocations
  5404 | D:7      | Found a hazy altar of Hepliaklqana.
  5421 | D:7      | Reached skill level 5 in Dodging
  5424 | D:7      | Reached skill level 11 in Spellcasting
  5506 | D:7      | Gained mutation: Your movements are less encumbered by
                  | armour. (ER -4) [Skeleton growth]
  5506 | D:7      | Reached XP level 10. HP: 57/57 MP: 12/25
  5550 | D:7      | Learned a level 5 spell: Irradiate
  5555 | D:7      | Identified the ring "Birgh" {+Fly rN+}
  5589 | D:7      | Found a staircase to the Lair.
  5888 | D:7      | Offered knowledge of Mephitic Cloud by Vehumet.
  5895 | D:7      | Reached skill level 12 in Spellcasting
  6161 | Lair:1   | Entered Level 1 of the Lair of Beasts
  6186 | D:8      | Reached *** piety under Vehumet
  6335 | D:8      | Offered knowledge of Sticky Flame by Vehumet.
  6344 | D:8      | Learned a level 4 spell: Sticky Flame
  6368 | D:8      | Found a staircase to the Orcish Mines.
  6445 | D:8      | Reached skill level 13 in Spellcasting
  6520 | D:8      | Found a hide-covered altar of Uskayaw.
  6706 | D:8      | Reached **** piety under Vehumet
  6777 | D:8      | Reached skill level 5 in Fighting
  6782 | D:8      | Offered knowledge of Venom Bolt by Vehumet.
  6927 | D:8      | Reached XP level 11. HP: 63/63 MP: 4/28
  7370 | D:9      | Noticed a deep elf archer
  7375 | D:9      | Killed a deep elf archer
  7481 | D:9      | Found a shattered altar of Ashenzari.
  7481 | D:9      | Found a glowing silver altar of Zin.
  7482 | D:9      | Found a shimmering blue altar of Sif Muna.
  7578 | D:9      | Noticed a cyclops
  7581 | D:9      | Killed a cyclops
  7584 | D:9      | Noticed a rakshasa
  7949 | D:9      | Killed a rakshasa
  7950 | D:9      | Reached skill level 14 in Spellcasting
  8178 | D:9      | Found a stormy altar of Qazlal.
  8428 | D:9      | Found an ancient bone altar of Kikubaaqudgha.
  8603 | D:10     | Entered Level 10 of the Dungeon
  8615 | D:10     | Learned a level 6 spell: Ozocubu's Refrigeration
  8622 | D:10     | Learned a level 6 spell: Bolt of Cold
  8644 | D:10     | Found a shimmering altar of Xom.
  8645 | D:10     | Noticed a cyclops
  8647 | D:10     | Noticed a two-headed ogre
  8648 | D:10     | Killed a cyclops
  8756 | D:10     | Noticed a cyan ugly thing
  8757 | D:10     | Reached ***** piety under Vehumet
  8757 | D:10     | Offered knowledge of Iskenderun's Battlesphere by Vehumet.
  8763 | D:10     | Reached skill level 1 in Ice Magic
  8776 | D:9      | Slain by a white ugly thing

Skill      XL: |  1  2  3  4  5  6  7  8  9 10 11 |
---------------+----------------------------------+-----
Conjurations   | 5 6 7 8 9 11 12 13 | 13.2
Fighting       | 1 2 3 4 5 |  5.8
Spellcasting   | 4 5 6 7 9 11 13 14 | 14.5
Dodging        | 3 4 5 6 |  6.4
Stealth        | 3 |  3.6
Armour         | 1 2 |  2.9
Short Blades   | 1 |  1.0
Evocations     | 1 3 4 |  4.1
Ice Magic      | 1 |  1.3
Staves         | |  0.6
Fire Magic     | |  0.4
Air Magic      | |  0.1

Action                   |  1- 3 |  4- 6 |  7- 9 | 10-12 || total
-------------------------+-------+-------+-------+-------++-------
Melee: Dagger            |    14 |    11 |       |       ||    25
       Staff             |       |       |       |    45 ||    45
 Cast: Magic Dart        |    84 |    21 |    25 |       ||   130
       Searing Ray       |     1 |     9 |    16 |    23 ||    49
       Iskenderun's Myst |     3 |     5 |    99 |   161 ||   268
       Shock             |       |       |    28 |       ||    28
       Irradiate         |       |       |       |    12 ||    12
       Sticky Flame      |       |       |       |     5 ||     5
       Bolt of Cold      |       |       |       |     3 ||     3
  Use: Scroll            |     1 |       |       |     3 ||     4
 Stab: Sleeping          |       |     1 |       |       ||     1
Armor: Robe              |     1 |       |       |       ||     1
       Scale mail        |       |     4 |    12 |    30 ||    46
       Troll leather arm |       |       |       |    12 ||    12
Dodge: Dodged            |    13 |    13 |    14 |    84 ||   124
